Map: Cactus Valley LE (Void)

Players

Namshar - Winner!

  • Race: Zerg Zerg
  • Spawn Location: 5:00

GAMETIME

  • Race: Zerg Zerg
  • Spawn Location: 1:00

Event: WCS Austin 2017

VOD

Have the link to the VOD?

Description

Time

  • Played on: April 28, 2017, 5:36 p.m.
  • Length: 8:51

All games in this series

Show
View Real Time Build Order
Export as new Build Order

Namshar Zerg - Winner!

Build Orders: Pool First, Zergling Baneling 

Get SALT Encoding   

  12  0:00  Drone  
  13  0:12  Overlord  
  13  0:17  Drone  
  14  0:30  Drone x2  
  14  0:34  Drone  
  17  0:43  Extractor  
  17  0:44  Drone  
  17  0:50  Spawning Pool  
  17  0:55  Drone  
  17  1:06  Drone  
  18  1:19  Hatchery  
  18  1:23  Drone  
  18  1:36  Queen  
  18  1:37  Zergling x2  
  21  1:43  Metabolic Boost  
  21  1:50  Overlord  
  21  1:55  Drone  
  22  2:03  Baneling Nest  
  21  2:12  Queen  
  23  2:17  Drone  
  23  2:19  Drone  
  25  2:28  Drone  
  26  2:34  Drone  
  27  2:44  Zergling x8  
  29  2:47  Zergling x2  
  32  2:54  Baneling x2  
  32  2:56  Overlord  
  32  3:08  Drone x2  
  32  3:09  Drone  
  35  3:19  Drone x6  
  41  3:22  Overlord  
  41  3:26  Drone  
  33  3:44  Zergling x2  
  33  3:45  Zergling x2  
  33  3:48  Zergling x2  
  33  3:49  Zergling x4  
  33  3:52  Zergling x2  
  33  3:55  Zergling x2  
  37  4:01  Baneling x3  
  37  4:07  Zergling x6  
  37  4:09  Baneling x2  
  40  4:21  Drone x6  
  45  4:28  Drone  
  45  4:29  Drone  
  46  4:35  Drone  
  47  4:49  Baneling x2  
  47  4:50  Baneling x3  
  47  4:51  Hatchery  
  46  4:55  Zergling x2  
  46  4:56  Zergling x8  
  50  5:01  Zergling x4  
  49  5:10  Zergling x6  
  51  5:20  Zergling x2  
  51  5:21  Zergling x2  
  51  5:26  Overlord x2  
  47  5:37  Roach Warren, Extractor  
  43  5:55  Drone x3  
  43  5:56  Overlord x2  
  43  6:01  Zergling x14, Spine Crawler  
  43  6:03  Spine Crawler  
  46  6:06  Zergling x2  
  47  6:13  Drone  
  47  6:17  Roach x2  
  52  6:28  Roach x7  
  65  6:43  Roach x4  
  70  6:53  Roach  
  70  6:54  Roach, Zergling x6  
  70  7:01  Zergling x2, Roach  
  70  7:02  Zergling x6  
  76  7:09  Queen  
  76  7:12  Drone x2  
  80  7:17  Queen  
  80  7:20  Overlord  
  80  7:31  Ravager  
  80  7:33  Lair  
  81  7:39  Drone x3  
  81  7:40  Evolution Chamber  
  81  7:44  Extractor  
  82  7:45  Roach  
  82  7:46  Roach  
  86  7:58  Roach  
  86  7:59  Roach x2  
  86  8:04  Roach x2  
  92  8:15  Roach  
  92  8:16  Roach x2  
  92  8:18  Zergling x4, Roach  
  86  8:24  Zergling x2, Roach  
  86  8:25  Zergling x2  
  88  8:31  Roach x2  
Show
View Real Time Build Order
Export as new Build Order

GAMETIME Zerg 

Build Orders: Hatch First, Zergling Baneling 

Get SALT Encoding   

  12  0:00  Drone  
  13  0:08  Drone  
  14  0:17  Overlord  
  14  0:22  Extractor  
  14  0:24  Drone  
  15  0:36  Drone x2  
  17  0:51  Hatchery  
  17  0:55  Drone  
  17  0:58  Drone  
  18  1:09  Extractor  
  17  1:13  Spawning Pool  
  17  1:16  Drone  
  17  1:19  Drone  
  18  1:26  Drone  
  19  1:37  Overlord  
  19  2:00  Queen, Zergling x4  
  23  2:03  Queen, Zergling x2  
  23  2:08  Metabolic Boost  
  26  2:10  Drone  
  26  2:14  Drone  
  28  2:20  Drone  
  29  2:25  Drone  
  30  2:32  Drone  
  30  2:36  Baneling Nest  
  30  2:37  Drone  
  33  2:46  Drone  
  34  2:57  Drone  
  34  2:58  Overlord  
  33  3:01  Hatchery  
  32  3:06  Zergling x4  
  32  3:11  Zergling x4  
  36  3:17  Zergling x2  
  36  3:18  Zergling x4  
  39  3:20  Baneling  
  39  3:21  Baneling  
  39  3:26  Baneling x2  
  40  3:27  Zergling x2  
  40  3:28  Zergling x2  
  40  3:31  Zergling x4  
  43  3:35  Overlord  
  43  3:37  Zergling x2  
  40  3:44  Drone  
  40  3:45  Drone  
  40  3:46  Drone x4  
  42  3:48  Baneling  
  42  3:49  Baneling x2  
  42  3:50  Baneling  
  42  3:54  Zergling x2  
  44  3:55  Zergling x2  
  44  3:58  Baneling  
  44  4:07  Drone  
  44  4:08  Drone x2  
  42  4:19  Drone x5  
  44  4:34  Hatchery  
  44  4:37  Drone, Extractor  
  43  4:40  Baneling x2  
  43  4:41  Baneling  
  43  4:49  Overlord, Roach Warren  
  42  4:57  Baneling  
  41  5:01  Baneling  
  41  5:02  Zergling x10  
  41  5:05  Zergling x2  
  37  5:31  Roach x4  
  37  5:32  Roach  
  37  5:33  Zergling x8  
  48  5:38  Zergling x4  
  48  5:39  Zergling x2  
  49  5:43  Zergling x2  
  49  5:47  Roach  
  51  5:53  Roach  
  51  5:59  Roach  
  51  6:05  Zergling x2  
  51  6:07  Baneling  
  51  6:08  Zergling x2  
  51  6:09  Zergling x6  
  56  6:12  Hatchery  
  56  6:15  Zergling x2  
  56  6:23  Roach x2  
  56  6:24  Baneling  
  58  6:26  Zergling x2  
  58  6:28  Baneling  
  58  6:32  Overlord  
  59  6:35  Zergling x2  
  59  6:36  Zergling x2  
  58  6:42  Zergling x4  
  58  6:44  Zergling x2  
  58  6:48  Zergling x2  
  58  6:52  Zergling x6  
  58  6:55  Zergling x2  
  58  6:56  Zergling x2  
  55  7:01  Zergling x2  
  55  7:05  Roach  
  53  7:11  Roach  
  55  7:17  Roach x2  
  55  7:18  Roach  
  55  7:20  Baneling x2  
  55  7:21  Ravager  
  62  7:24  Roach  
  62  7:29  Overlord  
  61  7:34  Roach  
  61  7:36  Drone  
  64  7:41  Roach  
  66  7:46  Overlord  
  66  7:47  Baneling  
  66  7:48  Baneling  
  66  7:49  Baneling  
  66  7:51  Zergling x2  
  66  7:53  Ravager  
  66  7:57  Zergling x4  
  70  8:01  Zergling x2  
  70  8:04  Zergling x2, Baneling  
  72  8:11  Zergling x2  
  72  8:12  Zergling x4  
  70  8:19  Zergling x6  
  62  8:27  Zergling x6  
  62  8:31  Zergling x2  
  62  8:34  Zergling x2  
Tags
 
Add a new tag
Caveats
  • Supply blocks, unpowered buildings, or Contaminate may cause inaccurate times.
  • Supply counts are checked every 10 seconds.